AoeStats
← Joaking

Arena

507805069Analyzed
4v4 RM · 11d ago on Sep 19, 2026· 46m 59s· 8 players
Game mode
Random Map
Map size
Large (8 player)
Population
200
Speed
Normal
Resources
Standard
Victory
Conquest
Starting age
Dark Age
Ending age
Imperial Age
RankedLock teamsTeams togetherTeam positionsShared explorationLock speedFull tech treeHidden civsTurbo modeCheats
Victory
Defeat
🇺🇸 Italians · United States
1149
+12
🇨🇳 Persians · China
1105
+14
🇨🇱 Mapuche · Chile
978
+19
🇨🇱 Khmer · Chile
958
+20
🇧🇪 Maya · Belgium
1127
-19
🇵🇪 Britons · Peru
1066
-17
🇹🇷 Italians · Türkiye
1042
-16
🇵🇪 Persians · Peru
980
-13
Avdp
0:32 Loom
11:43 Feudal Age
12:20 Horse Collar
12:27 Double-Bit Axe
22:30 Castle Age
22:19 Scale Mail Armor
22:29 Forging
24:01 Wheelbarrow
30:38 Caravan
31:21 Pikeman
32:02 Squires
31:47 Arson
31:23 Eagle Warrior
33:21 Hand Cart
33:10 Heavy Plow
33:28 Bow Saw
34:48 Town Watch
38:24 Imperial Age
38:24 Halberdier
40:08 Iron Casting
39:51 Chain Mail Armor
Dylan-23
5:05 Loom
9:01 Feudal Age
10:31 Double-Bit Axe
17:06 Castle Age
16:10 Forging
16:07 Horse Collar
18:30 Stone Mining
22:40 Fletching
22:50 Padded Archer Armor
26:45 Bow Saw
27:00 Town Watch
27:50 Wheelbarrow
28:12 Gold Mining
28:27 Bodkin Arrow
28:48 Leather Archer Armor
30:23 Ballistics
33:17 Imperial Age
33:26 Yeomen
34:20 Bracer
34:50 Ring Archer Armor
35:22 Conscription
35:17 Murder Holes
35:43 Elite Longbowman
38:30 Chemistry
Çalooo
0:37 Loom
11:24 Feudal Age
16:14 Castle Age
14:27 Double-Bit Axe
14:35 Horse Collar
15:55 Wheelbarrow
26:44 Ballistics
28:57 Imperial Age
26:33 Padded Archer Armor
26:24 Fletching
27:30 Leather Archer Armor
28:28 Bodkin Arrow
30:55 Chemistry
30:29 Ring Archer Armor
30:28 Masonry
33:14 Bracer
34:27 Elite Genoese Crossbowman
39:24 Elite Skirmisher
waltergriebenow
10:18 Feudal Age
13:39 Loom
16:21 Castle Age
14:32 Double-Bit Axe
14:52 Horse Collar
16:46 Loom
18:21 Bow Saw
20:03 Scale Barding Armor
23:43 Wheelbarrow
29:04 Imperial Age
27:35 Forging
27:37 Bloodlines
27:34 Squires
29:41 Hand Cart
30:14 Gold Mining
30:15 Stone Mining
31:05 Iron Casting
30:44 Husbandry
30:37 Fletching
30:20 Pikeman
32:57 Two-Man Saw
31:58 Heavy Plow
32:37 Gold Shaft Mining
31:42 Cavalier
33:32 Scale Mail Armor
34:24 Halberdier
35:21 Chain Mail Armor
36:03 Town Watch
37:18 Crop Rotation
37:38 Savar
39:09 Plate Mail Armor
40:04 Blast Furnace
44:07 Chemistry
43:18 Masonry
44:38 Chain Barding Armor
44:30 Capped Ram
mattmcneil9
0:27 Loom
10:28 Feudal Age
14:01 Castle Age
12:14 Horse Collar
12:41 Double-Bit Axe
14:24 Wheelbarrow
14:57 Heavy Plow
15:32 Bow Saw
22:06 Hand Cart
26:37 Treadmill Crane
27:18 Ballistics
27:22 Gold Mining
27:22 Stone Mining
28:33 Elite Skirmisher
28:34 Crossbowman
29:20 Thumb Ring
29:13 Fletching
29:24 Padded Archer Armor
32:46 Imperial Age
30:53 Silk Road
32:21 Bodkin Arrow
32:42 Leather Archer Armor
34:34 Chemistry
33:45 Masonry
33:54 Guilds
33:12 Arbalester
34:01 Bracer
36:18 Ring Archer Armor
37:48 Pirotechnia
40:42 Scale Mail Armor
40:53 Forging
41:22 Crop Rotation
40:47 Town Watch
41:33 Architecture
42:18 Two-Man Saw
44:38 Conscription
44:53 Hoardings
Ayax
11:44 Feudal Age
12:24 Double-Bit Axe
13:09 Horse Collar
14:11 Wheelbarrow
14:32 Loom
18:31 Castle Age
20:04 Bow Saw
19:57 Heavy Plow
20:56 Hand Cart
27:31 Stone Mining
27:48 Gold Mining
28:08 Fletching
34:12 Imperial Age
32:05 Padded Archer Armor
32:02 Bodkin Arrow
32:04 Elite Skirmisher
33:22 Ballistics
34:43 Treadmill Crane
35:17 Town Watch
36:01 Leather Archer Armor
36:24 Crop Rotation
37:34 Conscription
37:17 Malon
38:07 Butalmapu
40:53 Chemistry
43:14 Murder Holes
44:04 Bombard Tower
43:54 Elite Bolas Rider
45:19 Gold Shaft Mining
45:19 Stone Shaft Mining
战丶无双
10:29 Feudal Age
14:10 Castle Age
13:09 Double-Bit Axe
21:38 Wheelbarrow
26:09 Gold Mining
26:02 Horse Collar
26:41 Stone Mining
29:42 Imperial Age
27:30 Hand Cart
27:02 Loom
27:03 Town Watch
28:04 Bow Saw
27:57 Heavy Plow
28:34 Gold Shaft Mining
28:35 Stone Shaft Mining
28:33 Scale Barding Armor
28:40 Forging
30:16 Chain Barding Armor
30:34 Iron Casting
30:23 Ballistics
31:06 Two-Man Saw
30:38 Crop Rotation
31:05 Conscription
30:58 Citadels
30:22 Sappers
32:29 Plate Barding Armor
32:57 Blast Furnace
32:45 Bloodlines
32:37 Husbandry
32:16 Cavalier
33:13 Fletching
34:27 Chemistry
33:23 Murder Holes
33:46 Savar
35:21 Herbal Medicine
37:31 Hoardings
42:39 Caravan
43:10 Coinage
42:50 Guilds
43:17 Masonry
Joaking
11:17 Feudal Age
15:23 Castle Age
13:33 Double-Bit Axe
17:16 Wheelbarrow
31:59 Imperial Age
29:20 Loom
29:50 Hand Cart
29:21 Town Watch
30:34 Scale Barding Armor
30:40 Forging
31:04 Tusk Swords
31:10 Husbandry
31:20 Bloodlines
32:12 Chain Barding Armor
32:06 Elite Battle Elephant
34:13 Plate Barding Armor
34:15 Iron Casting
36:47 Light Cavalry
37:40 Hussar
Connection lost

Rejoining the realm…

Still unreachable

The connection could not be restored.

Session expired

The server has moved on; the page needs a fresh start.